 Dungeon Crawl Stone Soup version 0.18.1-48-g4cf74bf (webtiles) character file.

93 tyranidshit the Skirmisher (level 4, -1/39 HPs)
             Began as a Demonspawn Abyssal Knight on Sept 7, 2016.
             Was a Believer of Lugonu.
             Slain by an adder (4 damage)
             ... on level 2 of the Dungeon.
             The game lasted 00:05:15 (1186 turns).

tyranidshit the Skirmisher (DsAK)                   Turns: 1186, Time: 00:05:16

Health: -1/39      AC:  3    Str: 14    XL:     4   Next: 36%
Magic:  5/5        EV: 11    Int: 13    God:    Lugonu [**....]
Gold:   103        SH:  3    Dex: 12    Spells: 0 memorised, 3 levels left

rFire  . . .     SeeInvis .     a - +1 hand axe
rCold  + . .     Gourm    .     b - +0 leather armour
rNeg   . . .     Faith    .     (no shield)
rPois  .         Spirit   .     (no helmet)
rElec  .         Dismiss  .     (no cloak)
rCorr  .         Reflect  +     (no gloves)
SustAt .         Harm     .     (no boots)
MR     .....                    f - +3 amulet of reflection
Stlth  +.........               (no ring)
                                (no ring)

@: lethally poisoned (-1 -> -5), not resistant to hostile enchantments, very
unstealthy
A: hooves 1, cold resistance 1
a: Depart the Abyss, Bend Space, Renounce Religion


You were on level 2 of the Dungeon.
You worshipped Lugonu.
Lugonu was pleased with you.
You were not hungry.

You visited 1 branch of the dungeon, and saw 2 of its levels.
You visited the Abyss 1 time.

You collected 103 gold pieces.

Inventory:

Hand Weapons
 a - a +1 hand axe (weapon)
Missiles
 k - 2 tomahawks (quivered)
 m - 25 poisoned needles
Armour
 b - a +0 leather armour (worn)
Jewellery
 d - an uncursed ring of ice
 f - a +3 amulet of reflection (around neck)
Scrolls
 e - 2 scrolls of noise
 g - a scroll of teleportation
 i - 4 scrolls of remove curse
 j - a scroll of identify
Potions
 h - a potion of agility
 l - a potion of flight
Comestibles
 c - a bread ration


   Skills:
 + Level 5.2 Fighting
 - Level 1.7 Axes
 - Level 1.7 Armour
 - Level 0.8 Dodging
 - Level 2.4 Invocations


You had 3 spell levels left.
You didn't know any spells.

Dungeon Overview and Level Annotations

Branches:
Dungeon (2/15)

Altars:
Ashenzari


Innate Abilities, Weirdness & Mutations

You have large cloven feet.
Your flesh is cold resistant.


Message History

The adder bites you.
* * * LOW HITPOINT WARNING * * *
You are poisoned.
The adder poisons you!
You feel sick. The adder closely misses you.
You feel sick. The adder bites you but does no damage.
You feel sick. The adder bites you.
* * * LOW HITPOINT WARNING * * *
You are lethally poisoned!
The adder poisons you!
Things that are here:
a short sword; a kobold corpse
* * * LOW HITPOINT WARNING * * *
You feel sick.
* * * LOW HITPOINT WARNING * * *
You feel sick. The adder bites you.
You die...

########### #
#######.........#.#
............).S@.>#
..#.....####...###
#.#.##..####.##########
#.#...................#
#.#..#..####..#######.#
###....#..####..#
#####.#
.......#.......##
#.....#
####...#...#####
#.###.# ####...###.#
#.#...#


You could see an adder.

Vanquished Creatures
  Jessica (D:2)
  3 adders (D:2)
  3 dart slugs
  A giant gecko (D:1)
  A ball python (D:1)
  4 bats
  A giant cockroach (D:1)
  4 goblins
  3 hobgoblins
  4 jackals (D:1)
  3 kobolds
  4 giant newts
  3 rats
35 creatures vanquished.

Notes
Turn   | Place    | Note
--------------------------------------------------------------
     0 | Abyss:1  | tyranidshit the Demonspawn Abyssal Knight began the quest for the Orb.
     0 | Abyss:1  | Reached XP level 1. HP: 18/18 MP: 2/2
    66 | D:1      | Escaped the Abyss
   187 | D:1      | Gained mutation: You have large cloven feet. [demonic ancestry]
   187 | D:1      | Reached XP level 2. HP: 12/24 MP: 3/3
   276 | D:1      | HP: 1/25 [goblin/dagger (2)]
   277 | D:1      | Reached skill level 4 in Fighting
   390 | D:1      | Reached ** piety under Lugonu
   559 | D:1      | Gained mutation: Your flesh is cold resistant. [demonic ancestry]
   559 | D:1      | Reached XP level 3. HP: 19/30 MP: 4/4
  1076 | D:2      | Found a shattered altar of Ashenzari.
  1111 | D:2      | Noticed Jessica
  1130 | D:2      | Killed Jessica
  1130 | D:2      | Reached skill level 5 in Fighting
  1130 | D:2      | Reached XP level 4. HP: 3/39 MP: 5/5
  1186 | D:2      | Slain by an adder

Skill      XL: |  1  2  3 |
---------------+----------+-----
Fighting       | 4 5 |  5.2
Axes           | |  1.7
Armour         | |  1.7
Dodging        | |  0.8
Invocations    | |  2.4

Action                   |  1- 3 |  4- 6 || total
-------------------------+-------+-------++-------
Melee: Hand axe          |   143 |       ||   143
       Kick              |    26 |       ||    26
Throw: Tomahawk          |     2 |       ||     2
  Use: Scroll            |     5 |       ||     5
       Potion            |     3 |       ||     3
  Eat: Bread ration      |     1 |       ||     1
Armor: Leather armour    |    31 |     1 ||    32
Dodge: Dodged            |   102 |     1 ||   103
Block: Other             |    14 |     1 ||    15
